[ AOE2 MATCH · #505087204 ]
UnrankedPoles vs Goths
Player's team · WIN
Rival team · LOSS
[ REPLAY ANALYSIS · EXTRACTED FROM THE RECORDED GAME ]
Feudal
9:18
Castle
21:37
Imperial
—
| APM avg | 90.1 |
| APM peak | 146 |
| eAPM avg | 52.9 |
| Villagers / military | 120 / 100 |
Focus
⚔️ 60.7% · 🌾 39.3%
Skirmisher ×53 · Knight ×35 · Monk ×3 · Militia ×3 · Archer ×2 · Spearman ×2
Feudal
8:55
Castle
20:14
Imperial
—
| APM avg | 97.6 |
| APM peak | 164 |
| eAPM avg | 44.6 |
| Villagers / military | 158 / 114 |
Focus
⚔️ 43.2% · 🌾 56.8%
Cavalry Archer ×52 · Archer ×23 · Knight ×17 · Monk ×8 · Mangonel ×6 · Militia ×5
Match map
Initial resources + every placement click. Lines = walls · curves = elevation contours. ◆ gold · ⬟ stone · ● berries · ✦ relic · ◌ wall gap
Your base· Open — 3t gap
NOC | Terz's base· Open — 6t gap
Smoothed initial terrain · ◌ = detected wall gap · hover for details
Inputs per minute
— wR.Sebastian - - NOC | Terz
Build order — wR.Sebastian
First 150 of 392 actions detected
| 0:00 | Create | Villager (Male) |
| 0:02 | Build | House |
| 0:02 | Build | House |
| 0:03 | Create | Villager (Male) |
| 0:46 | Create | Villager (Male) |
| 0:50 | Create | Villager (Male) |
| 1:24 | Create | Villager (Male) |
| 1:24 | Create | Villager (Male) |
| 1:45 | Build | Lumber Camp |
| 2:02 | Create | Villager (Male) |
| 2:16 | Create | Villager (Male) |
| 2:43 | Create | Villager (Male) |
| 3:10 | Create | Villager (Male) |
| 3:28 | Create | Villager (Male) |
| 3:29 | Create | Villager (Male) |
| 3:47 | Build | Mill |
| 3:54 | Create | Villager (Male) |
| 4:28 | Create | Villager (Male) |
| 4:52 | Create | Villager (Male) |
| 5:20 | Create | Villager (Male) |
| 5:27 | Create | Villager (Male) |
| 5:50 | Create | Villager (Male) |
| 5:57 | Research | Loom |
| 6:09 | Create | Villager (Male) |
| 6:11 | Research | Loom |
| 6:12 | Research | Loom |
| 6:26 | Create | Villager (Male) |
| 6:50 | Build | Barracks |
| 7:08 | Research | Feudal Age |
| 7:08 | Research | Feudal Age |
| 7:09 | Research | Feudal Age |
| 7:16 | Build | House |
| 7:41 | Create | Villager (Male) |
| 7:44 | Create | Militia |
| 7:46 | Create | Militia |
| 8:10 | Build | Mining Camp |
| 8:14 | Build | Mining Camp |
| 8:20 | Build | Mining Camp |
| 8:58 | Build | Palisade Wall |
| 9:00 | Build | Palisade Wall |
| 9:01 | Build | Palisade Wall |
| 9:02 | Build | Palisade Wall |
| 9:04 | Create | Militia |
| 9:10 | Create | Villager (Male) |
| 9:14 | Build | House |
| 9:18 | Age | Feudal Age |
| 9:22 | Build | Palisade Wall |
| 9:32 | Research | Man-at-Arms (upgrade) |
| 9:32 | Research | Man-at-Arms (upgrade) |
| 9:33 | Create | Villager (Male) |
| 9:34 | Build | Palisade Wall |
| 9:49 | Build | Palisade Wall |
| 9:59 | Create | Villager (Male) |
| 10:01 | Build | Archery Range |
| 10:02 | Create | Villager (Male) |
| 10:04 | Create | Villager (Male) |
| 10:11 | Research | Double-Bit Axe |
| 10:11 | Research | Double-Bit Axe |
| 10:12 | Research | Horse Collar |
| 10:12 | Research | Horse Collar |
| 10:17 | Create | Villager (Male) |
| 10:31 | Build | Farm |
| 10:33 | Build | Palisade Wall |
| 10:35 | Build | Palisade Wall |
| 10:35 | Build | Palisade Wall |
| 10:51 | Create | Villager (Male) |
| 11:01 | Create | Archer |
| 11:04 | Build | Palisade Gate |
| 11:07 | Build | Palisade Wall |
| 11:08 | Build | Palisade Wall |
| 11:13 | Build | Watch Tower |
| 11:14 | Create | Skirmisher |
| 11:16 | Create | Villager (Male) |
| 11:30 | Create | Villager (Male) |
| 11:49 | Create | Villager (Male) |
| 11:52 | Build | House |
| 11:58 | Create | Villager (Male) |
| 12:00 | Build | Farm |
| 12:01 | Build | Farm |
| 12:08 | Create | Skirmisher |
| 12:20 | Create | Skirmisher |
| 12:29 | Build | Lumber Camp |
| 12:32 | Create | Villager (Male) |
| 12:37 | Create | Skirmisher |
| 12:39 | Create | Villager (Male) |
| 12:54 | Create | Skirmisher |
| 13:05 | Build | House |
| 13:07 | Build | House |
| 13:07 | Create | Skirmisher |
| 13:12 | Build | Farm |
| 13:24 | Create | Skirmisher |
| 13:33 | Create | Skirmisher |
| 13:42 | Build | Blacksmith |
| 13:51 | Build | Farm |
| 13:56 | Build | Mill |
| 13:57 | Create | Villager (Male) |
| 14:01 | Create | Skirmisher |
| 14:04 | Build | House |
| 14:15 | Build | Farm |
| 14:16 | Create | Villager (Male) |
| 14:24 | Create | Villager (Male) |
| 14:25 | Build | Farm |
| 14:26 | Build | Farm |
| 14:35 | Build | House |
| 14:36 | Build | Stone Wall |
| 14:44 | Create | Skirmisher |
| 14:45 | Create | Villager (Male) |
| 14:48 | Build | Farm |
| 14:58 | Create | Villager (Male) |
| 15:04 | Build | Farm |
| 15:07 | Create | Villager (Male) |
| 15:13 | Build | Farm |
| 15:13 | Build | Farm |
| 15:18 | Create | Villager (Male) |
| 15:23 | Create | Villager (Male) |
| 15:31 | Build | Farm |
| 15:32 | Build | Farm |
| 15:53 | Research | Padded Archer Armor |
| 15:56 | Create | Villager (Male) |
| 16:01 | Research | Fletching |
| 16:07 | Create | Villager (Male) |
| 16:16 | Create | Skirmisher |
| 16:18 | Research | Padded Archer Armor |
| 16:32 | Build | Market |
| 16:43 | Build | Blacksmith |
| 16:45 | Build | Palisade Wall |
| 16:48 | Build | House |
| 16:51 | Create | Villager (Male) |
| 17:01 | Build | Farm |
| 17:15 | Create | Villager (Male) |
| 17:24 | Create | Villager (Male) |
| 17:41 | Create | Villager (Male) |
| 17:44 | Build | Market |
| 17:50 | Build | Market |
| 17:56 | Build | House |
| 18:03 | Create | Villager (Male) |
| 18:28 | Create | Villager (Male) |
| 18:41 | Research | Castle Age |
| 19:00 | Build | House |
| 19:01 | Build | House |
| 19:05 | Create | Skirmisher |
| 19:19 | Create | Villager (Male) |
| 19:23 | Create | Skirmisher |
| 19:30 | Build | Stable |
| 19:32 | Build | Stable |
| 19:37 | Build | House |
| 19:37 | Build | House |
| 19:37 | Create | Villager (Male) |
| 19:41 | Build | Palisade Wall |
| 19:43 | Build | Palisade Wall |
Build order — NOC | Terz
First 150 of 422 actions detected
| 0:00 | Create | Villager (Male) |
| 0:00 | Create | Villager (Male) |
| 0:01 | Create | Villager (Male) |
| 0:01 | Create | Villager (Male) |
| 0:01 | Create | Villager (Male) |
| 0:02 | Build | House |
| 0:03 | Build | House |
| 1:24 | Research | Loom |
| 1:28 | Create | Villager (Male) |
| 1:50 | Create | Villager (Male) |
| 1:50 | Create | Villager (Male) |
| 2:14 | Create | Villager (Male) |
| 2:14 | Create | Villager (Male) |
| 2:35 | Create | Villager (Male) |
| 2:37 | Create | Villager (Male) |
| 2:37 | Create | Villager (Male) |
| 2:37 | Create | Villager (Male) |
| 2:46 | Build | Lumber Camp |
| 3:39 | Create | Villager (Male) |
| 3:58 | Create | Villager (Male) |
| 4:06 | Build | House |
| 4:16 | Create | Villager (Male) |
| 4:22 | Build | House |
| 4:40 | Create | Villager (Male) |
| 5:02 | Create | Villager (Male) |
| 5:34 | Build | Barracks |
| 5:45 | Create | Villager (Male) |
| 5:52 | Create | Villager (Male) |
| 6:02 | Build | House |
| 6:06 | Build | House |
| 6:45 | Research | Feudal Age |
| 6:45 | Research | Feudal Age |
| 7:08 | Create | Militia |
| 7:09 | Create | Militia |
| 7:11 | Build | Mining Camp |
| 7:14 | Create | Militia |
| 7:44 | Create | Militia |
| 7:44 | Create | Militia |
| 8:11 | Create | Villager (Male) |
| 8:55 | Age | Feudal Age |
| 8:58 | Research | Man-at-Arms (upgrade) |
| 8:58 | Research | Man-at-Arms (upgrade) |
| 9:02 | Build | Archery Range |
| 9:04 | Create | Villager (Male) |
| 9:16 | Build | Mill |
| 9:25 | Create | Villager (Male) |
| 9:28 | Build | House |
| 9:28 | Build | Palisade Wall |
| 9:57 | Create | Archer |
| 9:57 | Create | Archer |
| 9:59 | Create | Villager (Male) |
| 10:10 | Build | Farm |
| 10:13 | Research | Double-Bit Axe |
| 10:18 | Build | Farm |
| 10:33 | Create | Archer |
| 10:52 | Build | Farm |
| 10:53 | Create | Villager (Male) |
| 10:54 | Create | Villager (Male) |
| 11:01 | Create | Archer |
| 11:01 | Create | Archer |
| 11:20 | Build | Farm |
| 11:28 | Create | Villager (Male) |
| 11:29 | Create | Archer |
| 11:36 | Create | Villager (Male) |
| 11:52 | Build | Blacksmith |
| 12:03 | Create | Villager (Male) |
| 12:05 | Build | House |
| 12:06 | Build | Palisade Wall |
| 12:17 | Build | Farm |
| 12:19 | Create | Archer |
| 12:19 | Create | Archer |
| 12:21 | Create | Villager (Male) |
| 12:25 | Build | House |
| 12:38 | Create | Villager (Male) |
| 12:40 | Build | Farm |
| 12:48 | Research | Fletching |
| 12:48 | Research | Fletching |
| 12:54 | Create | Skirmisher |
| 12:59 | Build | Farm |
| 13:11 | Create | Villager (Male) |
| 13:12 | Create | Villager (Male) |
| 13:14 | Build | House |
| 13:19 | Create | Archer |
| 13:22 | Create | Villager (Male) |
| 13:35 | Build | Farm |
| 13:41 | Create | Archer |
| 13:42 | Create | Villager (Male) |
| 13:51 | Build | House |
| 13:52 | Build | Palisade Wall |
| 14:03 | Create | Villager (Male) |
| 14:14 | Create | Skirmisher |
| 14:19 | Create | Villager (Male) |
| 14:21 | Build | Farm |
| 14:35 | Build | Farm |
| 14:38 | Build | House |
| 14:41 | Create | Skirmisher |
| 15:01 | Build | Farm |
| 15:03 | Create | Villager (Male) |
| 15:10 | Build | Farm |
| 15:23 | Create | Archer |
| 15:23 | Create | Archer |
| 15:24 | Create | Archer |
| 15:26 | Create | Villager (Male) |
| 15:32 | Build | House |
| 15:43 | Build | Farm |
| 15:47 | Create | Villager (Male) |
| 15:51 | Create | Archer |
| 16:06 | Build | Farm |
| 16:24 | Create | Archer |
| 16:25 | Create | Villager (Male) |
| 16:42 | Build | Lumber Camp |
| 16:48 | Create | Villager (Male) |
| 17:10 | Build | Farm |
| 17:14 | Create | Archer |
| 17:34 | Research | Castle Age |
| 17:35 | Research | Castle Age |
| 18:15 | Create | Archer |
| 18:38 | Research | Gold Mining |
| 18:38 | Research | Horse Collar |
| 18:42 | Create | Archer |
| 19:19 | Create | Archer |
| 19:24 | Build | Stable |
| 19:47 | Create | Villager (Male) |
| 19:55 | Build | Lumber Camp |
| 20:12 | Build | Farm |
| 20:12 | Build | Farm |
| 20:13 | Build | Farm |
| 20:14 | Age | Castle Age |
| 20:17 | Research | Crossbowman (upgrade) |
| 20:17 | Research | Bodkin Arrow |
| 20:19 | Create | Knight |
| 20:23 | Create | Villager (Male) |
| 20:40 | Create | Villager (Male) |
| 20:55 | Create | Knight |
| 21:00 | Build | Archery Range |
| 21:02 | Create | Villager (Male) |
| 21:03 | Create | Archer |
| 21:11 | Build | Farm |
| 21:23 | Build | Monastery |
| 21:28 | Create | Archer |
| 21:29 | Create | Archer |
| 21:41 | Build | University |
| 21:44 | Create | Villager (Male) |
| 22:08 | Create | Cavalry Archer |
| 22:09 | Create | Cavalry Archer |
| 22:13 | Create | Monk |
| 22:14 | Create | Villager (Male) |
| 22:16 | Create | Villager (Male) |
| 22:28 | Create | Archer |
| 22:56 | Create | Villager (Male) |
Match timeline
| 5:34 | NOC | Terz · first_building Barracks |
| 6:50 | wR.Sebastian · first_building Barracks |
| 8:55 | NOC | Terz · age_up feudal |
| 8:58 | wR.Sebastian · wall_segment Palisade Wall x1 |
| 9:00 | wR.Sebastian · wall_segment Palisade Wall x1 |
| 9:01 | wR.Sebastian · wall_segment Palisade Wall x1 |
| 9:02 | wR.Sebastian · wall_segment Palisade Wall x1 |
| 9:02 | NOC | Terz · first_building Archery Range |
| 9:18 | wR.Sebastian · age_up feudal |
| 9:22 | wR.Sebastian · wall_segment Palisade Wall x3 |
| 9:28 | NOC | Terz · wall_segment Palisade Wall x1 |
| 9:34 | wR.Sebastian · wall_segment Palisade Wall x1 |
| 9:49 | wR.Sebastian · wall_segment Palisade Wall x1 |
| 10:01 | wR.Sebastian · first_building Archery Range |
| 10:33 | wR.Sebastian · wall_segment Palisade Wall x1 |
| 10:35 | wR.Sebastian · wall_segment Palisade Wall x5 |
| 10:35 | wR.Sebastian · wall_segment Palisade Wall x3 |
| 11:07 | wR.Sebastian · wall_segment Palisade Wall x1 |
| 11:08 | wR.Sebastian · wall_segment Palisade Wall x2 |
| 12:06 | NOC | Terz · wall_segment Palisade Wall x1 |
| 13:52 | NOC | Terz · wall_segment Palisade Wall x1 |
| 14:36 | wR.Sebastian · wall_segment Stone Wall x15 |
| 16:45 | wR.Sebastian · wall_segment Palisade Wall x1 |
| 19:24 | NOC | Terz · first_building Stable |
| 19:30 | wR.Sebastian · first_building Stable |
| 19:41 | wR.Sebastian · wall_segment Palisade Wall x1 |
| 19:43 | wR.Sebastian · wall_segment Palisade Wall x5 |
| 20:14 | NOC | Terz · age_up castle |
| 21:23 | NOC | Terz · first_building Monastery |
| 21:37 | wR.Sebastian · age_up castle |
| 25:42 | NOC | Terz · first_building Siege Workshop |
| 27:17 | wR.Sebastian · first_market_sell 100 food |
| 28:10 | wR.Sebastian · first_building Monastery |
| 33:23 | wR.Sebastian · first_market_buy 100 stone |
| 35:15 | NOC | Terz · first_building Castle |
| 36:08 | wR.Sebastian · first_building Castle |
| 36:50 | NOC | Terz · resign |
[ AI ANALYSIS · 1 CREDIT ]
What really happened in this match?
Wolo.gg analyzes every decision: build order, eco, micro, common mistakes by bracket. Personalized analysis on WhatsApp or Discord in 30 seconds.
Civ guide
Poles
Perfil
Jugador #2783660